Map: 오토메이턴 - 래더

Players

FanTaSy

  • Race: Terran Terran
  • Spawn Location: 9:00

Dear - Winner!

  • Race: Protoss Protoss
  • Spawn Location: 3:00

Event: IEM Season 13: Katowice (2019)

VOD

Have the link to the VOD?

Description

Time

  • Played on: Feb. 25, 2019, 6 a.m.
  • Length: 10:30

All games in this series

Show
View Real Time Build Order
Export as new Build Order

FanTaSy Terran 

Build Orders:  

Get SALT Encoding   

  12  0:00  SCV  
  13  0:12  SCV  
  14  0:18  Supply Depot  
  14  0:24  SCV  
  15  0:40  Barracks  
  15  0:41  SCV  
  16  0:48  Refinery  
  16  0:53  SCV  
  17  0:57  Refinery  
  17  1:05  SCV  
  18  1:17  SCV  
  19  1:29  Orbital Command  
  19  1:34  Reaper  
  20  1:44  Factory  
  20  1:55  SCV  
  20  1:57  Supply Depot  
  21  2:07  SCV  
  21  2:19  SCV  
  22  2:31  Starport  
  22  2:32  SCV  
  22  2:35  Supply Depot, Hellion  
  25  2:44  SCV  
  26  2:56  Hellion  
  28  3:07  Medivac  
  30  3:14  Fusion Core  
  30  3:18  Hellion  
  32  3:22  Barracks, SCV  
  32  3:24  Barracks  
  33  3:27  Supply Depot  
  31  3:44  SCV  
  30  3:58  SCV  
  30  4:02  Barracks Reactor  
  31  4:06  Starport Tech Lab  
  31  4:26  Battlecruiser, Bunker  
  37  4:31  Marine  
  37  4:32  Marine  
  37  4:38  Factory  
  39  4:39  Marine  
  39  4:40  Marine  
  41  4:49  Marine  
  39  4:56  Marine  
  39  4:57  Marine  
  39  4:58  Marine  
  36  5:07  Marine  
  37  5:24  Factory Tech Lab  
  37  5:36  Battlecruiser  
  37  5:41  Supply Depot  
  34  6:17  Siege Tank, Marine  
  38  6:36  Marine  
  38  6:37  Marine x3  
  42  7:04  Siege Tank  
  45  7:13  Marine x2  
  44  7:37  Siege Tank  
  45  7:59  Marine x3  
  48  8:18  Siege Tank  
  51  8:23  Marine  
  45  8:28  Marine  
  46  8:36  Medivac  
  24  9:50  Marine x2  
Show
View Real Time Build Order
Export as new Build Order

Dear Protoss - Winner!

Build Orders: 1 Gate Expand 

Get SALT Encoding   

  12  0:00  Probe  
  13  0:12  Probe  
  14  0:19  Pylon  
  14  0:24  Probe  
  15  0:33  Probe  
  15  0:40  Gateway  
  15  0:41  Probe  
  16  0:47  Assimilator  
  17  0:51  Probe  
  18  1:03  Probe  
  19  1:15  Probe  
  20  1:26  Nexus  
  20  1:36  Cybernetics Core  
  20  1:42  Zealot  
  22  1:50  Pylon  
  22  1:53  Probe  
  23  1:58  Assimilator  
  23  2:03  Stalker  
  23  2:08  Probe  
  24  2:14  Warp Gate  
  25  2:20  Probe  
  24  2:23  Stalker  
  23  2:32  Probe  
  23  2:35  Probe  
  26  2:44  Probe x2  
  29  2:54  Probe  
  29  2:56  Probe  
  31  3:03  Robotics Facility  
  31  3:06  Probe  
  31  3:08  Probe  
  33  3:13  Stalker  
  35  3:20  Probe  
  35  3:21  Probe  
  37  3:28  Gateway  
  37  3:33  Probe  
  37  3:34  Probe  
  35  3:43  Probe  
  35  3:44  Probe  
  36  3:51  Probe  
  36  3:52  Probe  
  37  3:56  Observer  
  37  3:59  Probe  
  37  4:00  Probe  
  39  4:03  Stalker  
  43  4:11  Probe  
  43  4:12  Gateway  
  45  4:22  Stalker  
  45  4:23  Probe  
  45  4:24  Probe  
  44  4:31  Warp Prism  
  44  4:33  Pylon  
  46  4:51  Probe x2  
  48  5:03  Probe x2  
  48  5:07  Stalker x3  
  48  5:11  Pylon  
  54  5:19  Probe x2  
  54  5:32  Probe  
  54  5:33  Probe  
  56  5:37  Zealot x3  
  56  5:40  Pylon  
  57  5:57  Shield Battery  
  57  5:59  Stalker x2  
  57  6:00  Stalker  
  50  6:26  Stalker x3  
  50  6:27  Probe x2  
  58  6:39  Probe x2  
  60  6:45  Stalker x3  
  66  6:50  Pylon  
  62  7:10  Stalker x3  
  62  7:14  Probe x2  
  58  7:35  Stalker x3  
  64  7:58  Stalker x3  
  68  8:11  Pylon  
  68  8:12  Gateway  
  68  8:14  Gateway  
  68  8:15  Zealot, Stalker x2  
  70  8:35  Stalker x3  
  76  8:41  Pylon, Cybernetics Core  
  76  8:59  Zealot x3  
  82  9:04  Pylon  
  82  9:12  Pylon  
  82  9:13  Pylon  
  82  9:23  Stalker x2  
  82  9:24  Pylon  
  86  9:30  Zealot x2  
  58  9:46  Stalker x2  
  58  9:49  Stalker x2  
  66  9:59  Gateway  
  66  10:01  Pylon  
  66  10:05  Stalker x2  

Tags
 
Add a new tag
Caveats
  • Supply blocks, unpowered buildings, or Contaminate may cause inaccurate times.
  • Supply counts are checked every 10 seconds.